 Dungeon Crawl Stone Soup version 0.19-a0-1490-g5dd3618 (webtiles) character file.

867 epen the Poker (level 8, -4/61 HPs)
             Began as a Merfolk Monk on Sept 8, 2016.
             Splashed by a jelly's acid (9 damage)
             ... on level 5 of the Dungeon.
             The game lasted 00:05:50 (5283 turns).

epen the Poker (Merfolk Monk)                       Turns: 5283, Time: 00:05:50

Health: -4/61      AC: -3    Str: 13    XL:     8   Next: 3%
Magic:  8/8        EV: 15    Int: 10    God:
Gold:   260        SH:  0    Dex: 20    Spells: 0 memorised, 7 levels left

rFire  . . .     SeeInvis .     u - +2 dagger (venom)
rCold  . . .     Gourm    +     x - +0 ring mail
rNeg   . . .     Faith    .     (no shield)
rPois  +         Spirit   .     A - +0 helmet
rElec  .         Dismiss  .     n - +0 cloak
rCorr  .         Reflect  .     (no gloves)
MR     .....     Harm     .     (no boots)
Stlth  ++........               v - amulet of the gourmand
                                I - ring of poison resistance
                                y - +4 ring of dexterity

@: corroded
A: change form in water, swift swim, stealthy swim
a: no special abilities


You were on level 5 of the Dungeon.
You were completely stuffed.

You visited 1 branch of the dungeon, and saw 5 of its levels.

You collected 260 gold pieces.

Inventory:

Hand Weapons
 u - a +2 dagger of venom (weapon)
 D - a +0 trident
Armour
 b - a +0 robe
 n - a +0 cloak (worn)
 x - a +0 ring mail (worn)
 A - a +0 helmet (worn)
Jewellery
 v - an amulet of the gourmand (around neck)
 w - an uncursed amulet of magic regeneration
 y - a +4 ring of dexterity (left hand)
 z - an uncursed ring of fire
 I - a ring of poison resistance (right hand)
Wands
 H - a wand of flame (33/48)
Scrolls
 d - a scroll of fog {unknown}
 f - 3 scrolls of identify {unknown}
 i - a scroll of amnesia {unknown}
 j - 5 scrolls of remove curse {unknown}
 r - a scroll of recharging {unknown}
 B - a scroll of magic mapping {unknown}
 C - a scroll of teleportation {unknown}
Potions
 a - a potion of agility {unknown}
 e - a potion of ambrosia {unknown}
 h - 7 potions of curing {unknown}
 k - 2 potions of haste {unknown}
 l - a potion of degeneration {unknown}
 m - 3 potions of heal wounds {unknown}
 p - a potion of invisibility {unknown}
 q - a potion of resistance {unknown}
 s - a potion of mutation {unknown}
 t - a potion of cure mutation {unknown}
 G - a potion of might {unknown}
Comestibles
 c - 2 bread rations
 g - a slice of pizza
 o - 3 meat rations
 E - 2 beef jerkies
 F - a chunk of flesh


   Skills:
 + Level 4.9 Fighting
 + Level 7.6 Polearms
 * Level 3.8 Armour
 + Level 6.9 Dodging
 - Level 2.1 Stealth


You had 7 spell levels left.
You didn't know any spells.

Dungeon Overview and Level Annotations

Branches:
Dungeon (5/15)
 Temple: D:4-7

Altars:


Message History

The gnoll closely misses you. The jelly barely misses you.
You hit the jelly but do no damage.
Your hands burn!
The jelly is heavily wounded.
The gnoll misses you. The jelly hits you.
You are splashed with acid!
The acid burns!
You hit the jelly.
Your hands burn!
The jelly is heavily wounded.
The gnoll hits you from afar with an enchanted halberd!
The jelly hits you.
You are splashed with acid!
The acid corrodes you!
The acid burns!
The gnoll shouts!
You hit the jelly but do no damage. The acid corrodes you!
Your hands burn!
* * * LOW HITPOINT WARNING * * *
The jelly is heavily wounded.
The gnoll hits you from afar with an enchanted halberd!
* * * LOW HITPOINT WARNING * * *
The jelly hits you.
* * * LOW HITPOINT WARNING * * *
You are splashed with acid!
The acid burns!
You die...

......... .......
..... .g. #g# ## #Z#
## #g# ## #J# ## #@#
## #####'### ##
#.......# # #.......#
#######
#.......########....##
#.......)..)........'.
#.......########....##
#.......# #....#
#.......# #....#


You could see a jelly, 3 gnolls and a hound zombie.

Vanquished Creatures
  A black bear (D:5)
  2 ogres
  A centaur (D:5)
  The ghost of poirepourri the Sneak, an amateur SpEn (D:3)
  A giant frog zombie (D:5)
  An orc priest (D:5)
  3 orc wizards (D:5)
  A centaur skeleton (D:4)
  2 worker ants
  A hound skeleton (D:4)
  10 adders
  An ooze (D:1)
  An adder zombie (D:5)
  An adder skeleton (D:5)
  6 worms
  4 dart slugs
  5 giant geckos
  10 orcs
  3 bats
  3 giant cockroaches
  6 goblins
  8 hobgoblins
  16 jackals
  4 quokkas
  A giant gecko skeleton (D:4)
  6 giant newts
  7 kobolds
  8 rats
114 creatures vanquished.

Notes
Turn   | Place    | Note
-------+----------+-------------------------------------------
     0 | D:1      | epen the Merfolk Monk began the quest for the Orb.
     0 | D:1      | Reached XP level 1. HP: 18/18 MP: 1/1
    74 | D:1      | Reached XP level 2. HP: 24/24 MP: 2/2
   688 | D:1      | Reached XP level 3. HP: 29/29 MP: 3/3
  1190 | D:2      | Found a faded altar of an unknown god.
  1201 | D:2      | Reached skill level 5 in Polearms
  1201 | D:2      | Reached skill level 1 in Armour
  1261 | D:2      | Reached skill level 5 in Dodging
  1389 | D:2      | Reached XP level 4. HP: 26/35 MP: 4/4
  2393 | D:3      | Reached XP level 5. HP: 42/42 MP: 5/5
  2738 | D:3      | Noticed poirepourri's ghost (amateur SpEn)
  2783 | D:3      | Killed poirepourri's ghost
  2903 | D:3      | Reached skill level 6 in Polearms
  2903 | D:3      | Reached XP level 6. HP: 37/48 MP: 6/6
  4331 | D:5      | Entered Level 5 of the Dungeon
  4394 | D:5      | Reached XP level 7. HP: 8/55 MP: 7/7
  4712 | D:5      | Reached skill level 7 in Polearms
  5163 | D:5      | Reached XP level 8. HP: 47/61 MP: 8/8
  5283 | D:5      | Splashed by a jelly's acid

Vault maps used:
D:1:      elethiomel_arrival_shortcut, serial_forest, infiniplex_forest_lined_3,
          infiniplex_forest_clump_small, infiniplex_forest_zigzag_1,
          infiniplex_forest_lined_room_3, infiniplex_forest_corner_2,
          infiniplex_forest_end_3, infiniplex_forest_clump_small,
          infiniplex_forest_clump_cross, hangedman_feature_mirror
D:2:      ecumenical_altar_2, minmay_pentomino_o4
D:4:      dk_rats_in_the_wall
D:5:      lemuel_ice_spiral_2, first_bread, roderic_digamma_sauvastika,
          uniq_menkaure, uniq_pikel

Skill      XL: |  1  2  3  4  5  6  7 |
---------------+----------------------+-----
Polearms       | 5 6 7 |  7.6
Armour         | 1 2 3 |  3.8
Dodging        | 5 6 |  6.9
Fighting       | 4 |  4.9
Stealth        | |  2.1

Action                   |  1- 3 |  4- 6 |  7- 9 || total
-------------------------+-------+-------+-------++-------
Melee: Spear             |   141 |    51 |       ||   192
       Dagger            |       |   200 |   103 ||   303
 Stab: Sleeping          |     4 |     8 |       ||    12
       Distracted        |       |     1 |       ||     1
  Eat: Chunk             |     2 |    18 |     7 ||    27
Armor: Robe              |    15 |    27 |       ||    42
       Ring mail         |       |    25 |    27 ||    52
Dodge: Dodged            |    64 |   171 |    58 ||   293
